 Dungeon Crawl Stone Soup version 0.24-a0-537-g2d01d4ab0a (webtiles) character file.

Game seed: 15651356602224553180

233 Mithandil the Distorting Demonspawn (level 5, 0/41 HPs)
             Began as a Demonspawn Abyssal Knight on Aug 15, 2019.
             Was a Believer of Lugonu.
             Slain by Pikel
             ... wielding a +2 whip of flaming
              (3 damage)
             ... on level 4 of the Dungeon.
             The game lasted 00:13:15 (3173 turns).

Mithandil the Distorting Demonspawn (DsAK)          Turns: 3173, Time: 00:13:17

Health: 0/41       AC:  9    Str: 14    XL:     5   Next: 74%
Magic:  0/7        EV:  6    Int: 13    God:    Lugonu [**....]
Gold:   87         SH:  4    Dex: 12    Spells: 4/4 levels left

rFire    . . .     SeeInvis .   a - +1 falchion
rCold    . . .     Gourm    .   m - +0 buckler
rNeg     . . .     Faith    .   l - +0 chain mail
rPois    .         Spirit   +   q - +0 helmet
rElec    .         Reflect  .   (no cloak)
rCorr    .         Harm     .   (no gloves)
MR       .....                  (no boots)
Stlth    ..........             (no amulet)
HPRegen  0.13/turn              (no ring)
MPRegen  0.10/turn              (no ring)

@: no status effects
A: talons 1, demonic guardian 1, magic shield
a: Depart the Abyss, Bend Space, Renounce Religion


You were on level 4 of the Dungeon.
You worshipped Lugonu.
Lugonu was pleased with you.
You were hungry.

You visited 1 branch of the dungeon, and saw 5 of its levels.
You visited the Abyss 1 time.

You collected 87 gold pieces.

Inventory:

Hand Weapons
 a - a +1 falchion (weapon)
 b - a +0 hunting sling
 j - a +0 dagger
 n - a +0 hand axe
 p - a +0 spear
Missiles
 d - 73 sling bullets
 i - 46 stones (quivered)
Armour
 h - a +1 leather armour of magic resistance
 l - a +0 chain mail (worn)
 m - a +0 buckler (worn)
 q - a +0 helmet (worn)
Scrolls
 e - a scroll of identify
 f - a scroll of teleportation
 o - 3 scrolls of remove curse
Potions
 k - 2 potions of curing
Comestibles
 c - 2 rations


   Skills:
 + Level 3.4 Fighting
 * Level 3.2 Long Blades
 + Level 2.3 Armour
 + Level 1.7 Dodging
 + Level 1.6 Stealth
 * Level 1.3 Shields
 - Level 1.0 Unarmed Combat
 + Level 3.6 Invocations


You had 4 spell levels left.
You didn't know any spells.
Your spell library was empty.

Dungeon Overview and Level Annotations

Branches:
Dungeon (5/15)
 Temple: D:4-7

Altars:
Cheibriados
Fedhas
Nemelex Xobeh
Okawaru

Annotations:
D:2 exclusion: downstairs
D:3 Sigmund
D:4 Pikel


Innate Abilities, Weirdness & Mutations

You have sharp toenails.
A weak demonic guardian rushes to your aid.
When hurt, damage is shared between your health and your magic reserves.


Message History

Your white imp dies!
You hit Pikel but do no damage. Your kick misses Pikel.
You block Pikel's attack.
Your shield and chain mail prevent you from hitting Pikel.
You claw Pikel.
Pikel is lightly wounded.
Pikel hits you with a +2 whip of flaming.
Pikel burns you.
You hit Pikel.
Pikel is lightly wounded.
Pikel zaps a wand.
Pikel creates a blast of freezing vapour!
You closely miss Pikel. Your kick misses Pikel.
Pikel is lightly wounded.
You are engulfed in freezing vapours.
* * * LOW HITPOINT WARNING * * *
Pikel hits you with a +2 whip of flaming.
* * * LOW HITPOINT WARNING * * *
Pikel burns you.
You die...

########....# ..
............. ...
.......#....## ..
.......##.### .. #
....... #. .# .. .......
#.##.# ################
..§..#
..........##§§.##§§§..##
..........§§§§§K@§§§....
..........##§§§##§###.##
..........##§§§§§...
############§p§§§☼....
#pp.§§§...## #.........#
###.......# .......#
#.....


You could see Pikel.

Vanquished Creatures
  An orc wizard (D:2)
  Terence (D:2)
  An iguana (D:4)
  Robin (D:2)
  5 adders
  2 worms (D:2)
  A dart slug (D:1)
  A leopard gecko (D:1)
  5 orcs
  5 bats
  A giant cockroach (D:1)
  13 goblins
  6 hobgoblins
  5 quokkas
  5 frilled lizards
  4 kobolds
  3 rats
60 creatures vanquished.

Vanquished Creatures (collateral kills)
  An orc wizard (D:4)
  A dart slug (D:4)
  2 orcs (D:4)
4 creatures vanquished.

Vanquished Creatures (others)
  A slave (D:4)
  A hound (D:4)
2 creatures vanquished.

Grand Total: 66 creatures vanquished

Notes
Turn   | Place    | Note
-------+----------+-------------------------------------------
     0 | Abyss:1  | Mithandil the Demonspawn Abyssal Knight began the quest for
                  | the Orb.
     0 | Abyss:1  | Reached XP level 1. HP: 18/18 MP: 2/2
     5 | Abyss:1  | Found a corrupted altar of Lugonu.
    26 | Abyss:2  | Found a corrupted altar of Lugonu.
    34 | D:1      | Escaped the Abyss
   178 | D:1      | Reached skill level 1 in Dodging
   207 | D:1      | Gained mutation: You have sharp toenails. [demonic
                  | ancestry]
   207 | D:1      | Reached XP level 2. HP: 19/24 MP: 3/3
   426 | D:1      | Reached * piety under Lugonu
   703 | D:2      | Gained mutation: When hurt, damage is shared between your
                  | health and your magic reserves. [demonic ancestry]
   703 | D:2      | Reached XP level 3. HP: 16/29 MP: 5/5
   979 | D:2      | Reached skill level 1 in Stealth
  1053 | D:2      | Found an iron altar of Okawaru.
  1055 | D:2      | Found a blossoming altar of Fedhas.
  1055 | D:2      | Noticed Terence
  1071 | D:2      | Killed Terence
  1071 | D:2      | Reached XP level 4. HP: 12/35 MP: 3/6
  1372 | D:2      | Reached skill level 1 in Unarmed Combat
  1667 | D:3      | Found a snail-covered altar of Cheibriados.
  1700 | D:3      | Noticed Sigmund
  1947 | D:2      | Gained mutation: A weak demonic guardian rushes to your
                  | aid. [demonic ancestry]
  1947 | D:2      | Reached XP level 5. HP: 40/41 MP: 7/7
  1948 | D:2      | Noticed Robin
  1963 | D:2      | Killed Robin
  1963 | D:2      | Reached ** piety under Lugonu
  2140 | D:3      | Reached skill level 1 in Shields
  2247 | D:2      | Found a sparkling altar of Nemelex Xobeh.
  3135 | D:5      | Entered Level 5 of the Dungeon
  3155 | D:4      | Noticed a slave
  3155 | D:4      | Noticed a slave
  3155 | D:4      | Noticed a slave
  3156 | D:4      | Noticed Pikel
  3157 | D:4      | Noticed a slave
  3165 | D:4      | Killed a slave
  3173 | D:4      | Slain by Pikel

Levels and vault maps discovered:
D:1:      dpeg_arrival_orchard, layout_loops_ring
D:2:      minmay_wonky_spiral, layout_basic, nemelex_altar_shiori,
          grunt_temple_overflow_open, minmay_lizard_pond, uniq_terence,
          uniq_robin
D:3:      minmay_spotlight, layout_rooms, cheibriados_altar_1,
          trog_butcher_becter, uniq_sigmund, uniq_natasha
D:4:      gammafunk_wand_slinger, layout_basic,
          chequers_temple_overflow_minitemple, ebering_ghost_disaster_area,
          first_ration, uniq_edmund, uniq_pikel, uniq_eustachio
D:5:      layout_basic, overflow_temple_1_default,
          chequers_serial_rivers_small_b, hex_intersection,
          kennysheep_generic_room_16

Skill      XL: |  1  2  3  4  5 |
---------------+----------------+-----
Dodging        | 1 |  1.7
Long Blades    | 2 3 |  3.2
Armour         | 2 |  2.3
Stealth        | 1 |  1.6
Invocations    | 3 |  3.6
Unarmed Combat | 1 |  1.0
Shields        | 1 |  1.3
Fighting       | |  3.4

Action                   |  1- 3 |  4- 6 || total
-------------------------+-------+-------++-------
Melee: Falchion          |    81 |   150 ||   231
       Kick              |    15 |    40 ||    55
Invok: Depart the Abyss  |     1 |       ||     1
       Bend Space        |       |     1 ||     1
  Use: Potion            |     2 |     2 ||     4
       Scroll            |     1 |     2 ||     3
  Eat: Chunk             |     1 |     6 ||     7
Armor: Leather armour    |    15 |       ||    15
       Chain mail        |       |   111 ||   111
Dodge: Dodged            |    41 |    54 ||    95
Block: Buckler           |       |    41 ||    41
       Rpst.: Falchion   |    16 |    19 ||    35

Table legend:
 A = Non-vault XP
 B = Vault XP
 C = Vault XP percentage of total XP
 D = Non-vault monster count
 E = Vault monster count
 F = Vault count percentage of total count
                 A         B        C        D         E       F
            +---------+---------+-------+---------+---------+-------
      Total |     246 |      87 |  26.1 |      46 |      18 |  28.1
            +---------+---------+-------+---------+---------+-------
        D:1 |      31 |       0 |   0.0 |      17 |       0 |   0.0
        D:2 |      90 |      84 |  48.3 |      16 |      17 |  51.5
        D:3 |      47 |       0 |   0.0 |       7 |       0 |   0.0
        D:4 |      78 |       3 |   3.7 |       6 |       1 |  14.3
            +---------+---------+-------+---------+---------+-------
